 BcadrenCrawl: Boulder Brew version 0.03.3.1-34-gd247f1d118 (webtiles) character file.

Game seed: 8325954763966581005, levelgen mode: deterministic

63 Chiseanne the Ducker (level 4, -3/30 HPs) Goblin Demonspawn. Began on Mar 19, 2021. Slain by an iron imp (10 damage) ... on level 2 of the Dungeon. The game lasted 00:01:30 (760 turns).

Chiseanne the Ducker (Goblin Demonspawn)             Turns: 760, Time: 00:01:30

Health: -3/30      AC:  5    Str:  8    XL:     4 ^: 49
Magic:  5/5        EV: 13    Int:  6    God:
Gold:   30         SH:  0    Dex:  6    Spells: 4/5 levels left

rFire    . . .     Vision   .   a - +1 rapier
rCold    . . .     Gourm    .   g - +0 dagger
rNeg     . . .     Faith    .   e - +0 ring mail
rPois    .         Spirit   .   (no helmet)
rElec    .         Reflect  .   (no cloak)
rCorr    .         Harm     .   b - +0 pair of clawed gauntlets
MR       .....                  (no boots)
Stlth    +.........             (no amulet)
HPRegen  0.20/turn              (no ring)
MPRegen  0.15/turn              (no ring)

@: no status effects
A: small, stagnant stats, goblin's greed, hooves 1, low mp 1, mutation
resistance 1, god's pity 2
a: no special abilities


You were on level 2 of the Dungeon.
You were not hungry.

You visited 1 branch of the dungeon, and saw 2 of its levels.

You collected 25 gold pieces.

Inventory:

Weapons
 a - a +1 rapier (weapon)
 g - a +0 dagger (weapon)
Armour
 b - a +0 pair of clawed gauntlets (worn)
 e - a +0 ring mail (worn)
Jewellery
 k - a cursed ring of ice {(Curse: MR-)}
Scrolls
 h - a scroll of blinking
 i - 2 scrolls of teleportation
 j - a scroll of fog
Potions
 c - a potion of invisibility
 f - 2 potions of might
Comestibles
 d - 4 rations
 l - a chunk of flesh


   Skills:
 * Level 2.8 Fighting
 + Level 3.2 Short Blades
 + Level 1.4 Armour
 * Level 4.8 Dodging
 - Level 2.6 Stealth
 - Level 1.3 Spellcasting
 - Level 2.6 Fire Magic
   Level 4.0 Invocations


You had 4 spell levels left.
You knew the following spells:

 Your Spells              Type           Power        Failure   Level  Hunger
a - Flame Tongue          Fire           3 (30)       26%         1    ##.....

Your spell library contained the following spells:

 Spells                   Type           Power        Failure   Level  Hunger
 Conjure Flame            Fire           3 (100)      58%         3    ####...
 Blink                    Tloc           N/A          75%         2    ###....
 Call Imp                 Summ           0 (100)      75%         2    ###....
 Slow                     Hex            0 (100)      75%         2    ###....
 Mephitic Cloud           Pois/Air       0 (100)      92%         3    ####...


Dungeon Overview and Level Annotations

Branches:
Dungeon (2/8)

Altars:
Cheibriados


Innate Abilities, Weirdness & Mutations

Your stats never grow through leveling.
Your goblin ancestry allows you to find more gold. (+20%)
You are small and have problems with some larger weapons.
You have large cloven feet.
Your magical capacity is low. (-10% MP)
You are somewhat resistant to further mutation.
The pity of the gods increases the power of your passive and invoked divine abilities.


Message History

l - a chunk of flesh
There is an escape hatch in the floor here.
You now have 30 gold pieces (gained 11).
An iron imp comes into view.
The iron imp shouts, "Back with thee, thou pandering flat-headed vassal!"
You hear an angry hiss.
Found a snail-covered altar of Cheibriados.
You hit the iron imp (4). You hit the iron imp (2). The iron imp hits you (11)!
You barely miss the iron imp. You hit the iron imp but do no damage.
The iron imp hits you (8)!
You hit the iron imp (3). You hit the iron imp but do no damage.
You kick the iron imp, but do no damage.
The iron imp closely misses you (0).
You hit the iron imp but do no damage. You hit the iron imp (2).
The iron imp hits you but does no damage.
You hit the iron imp but do no damage. You hit the iron imp (2).
The iron imp hits you (5).
* * * LOW HITPOINT WARNING * * *
You hit the iron imp but do no damage. x2; The iron imp hits you (10)!
You die...

#.≈#.≈ ###
..≈≈.# #≈.≈
≈....#
#..≈######.....#
#.....#.........
#≈....#≈........
#..........._...
#.......@5......
#.......≈.P...≈≈
#......###....≈#
#≈.....# .....#
#.....≈###≈....#
#..>>.<.≈......≈
#..............P
#≈..............
#≈............


You could see an iron imp.

Vanquished Creatures
  2 giant cockroaches
  A gnoll (D:1)
  A sewer rat (D:1)
  A bat (D:1)
  2 goblins (D:1)
  6 hobgoblins (D:1)
  3 kobolds (D:1)
  A rat (D:1)
17 creatures vanquished.

Vanquished Creatures (others)
  6 withered plants (D:2)
6 creatures vanquished.

Grand Total: 23 creatures vanquished

Notes
Turn   | Place    | Note
-------+----------+-------------------------------------------
     0 | D:1      | Chiseanne the Goblin Demonspawn began the quest for the
                  | Orb.
     0 | D:1      | Reached XP level 1. HP: 13/13 MP: 2/2
   299 | D:1      | Gained mutation: You have large cloven feet. [demonic
                  | ancestry]
   299 | D:1      | Reached XP level 2. HP: 19/19 MP: 3/3
   448 | D:1      | Reached skill level 1 in Armour
   448 | D:1      | Reached XP level 3. HP: 22/24 MP: 4/4
   669 | D:1      | Reached XP level 4. HP: 30/30 MP: 5/5
   751 | D:2      | Found a snail-covered altar of Cheibriados.
   760 | D:2      | Slain by an iron imp

Levels and vault maps discovered:
D:1:      psy_arrival_radial01, layout_rooms, portal_sewer_entry_d
D:2:      layout_sewer, overflow_temple_1_default, slow_altar_1, basic_altar,
          minmay_shallow_snake_nest

Skill      XL: |  1  2 |
---------------+-------+-----
Fighting       | 2 |  2.8
Short Blades   | 3 |  3.2
Armour         | 1 |  1.4
Dodging        | |  4.8
Stealth        | |  2.6
Spellcasting   | |  1.3
Fire Magic     | |  2.6
Invocations    | |  4.0

Action                   |  1- 3 |  4- 6 || total
-------------------------+-------+-------++-------
Melee: Rapier            |    28 |     9 ||    37
       Dagger            |    13 |     9 ||    22
       Kick              |       |     1 ||     1
  Use: Scroll            |     1 |       ||     1
Armor: Ring mail         |     7 |     1 ||     8
Dodge: Dodged            |    18 |     4 ||    22
